[Event "Titled Tuesday Blitz March 21 Late 2023"]
[White "Krallis, Christos"]
[Black "Kobo, Ori"]
[WhiteFideId "4298896"]
[BlackFideId "2812320"]
[WhiteElo "2243"]
[BlackElo "2447"]
[Result "1/2-1/2"]
[Round "04"]
[TimeControl "180+2"]
[Date "2023.03.21"]
[WhiteClock "0:00:10"]
[BlackClock "0:00:11"]

1. d4 Nf6 2. c4 g6 3. Nf3 Bg7 4. g3 O-O 5. Bg2 d6 6. O-O Re8 7. b3 Nc6 8. Bb2 e5 9. dxe5 Ng4 10. Nc3 Ngxe5 11. Nxe5 Nxe5 12. Qd2 a6 13. Rfd1 Nc6 14. Nd5 Be6 15. Bxg7 Kxg7 16. Qb2+ f6 17. Nf4 Bf7 18. c5 Qe7 19. cxd6 cxd6 20. h4 Qe5 21. Qd2 Rad8 22. Rac1 d5 23. Bf3 Qd6 24. e3 g5 25. hxg5 fxg5 26. Qb2+ Qe5 27. Nd3 Qxb2 28. Nxb2 Ne5 29. Bg2 Re7 30. Na4 h5 31. Nc3 Red7 32. Ne2 h4 33. Nd4 hxg3 34. Nf5+ Kf6 35. Nxg3 g4 36. Ne2 Nf3+ 37. Kf1 Bg6 38. Ng3 Ke5 39. a4 Rh7 40. Rc5 Rhd7 41. Bxf3 gxf3 42. Rd4 Ke6 43. a5 Rh8 44. Ke1 Rh2 45. b4 Rg2 46. b5 Rg1+ 47. Kd2 Rb1 48. b6 Rb2+ 49. Ke1 Rb1+ 50. Kd2 Rb2+ 51. Ke1 Rb1+ 52. Rd1 Rxd1+ 53. Kxd1 d4 54. e4 Kd6 55. Rd5+ Kc6 56. Rxd7 Kxd7 57. Kd2 Kc6 58. Kd3 Kb5 59. Kxd4 Kxa5 60. Kc5 Ka4 61. e5 a5 62. Kc4 Bf7+ 63. Kc3 Kb5 64. Ne4 Kxb6 65. Ng5 Bh5 66. Nh7 Kc6 67. Nf6 Bf7 68. Ne4 b5 69. Ng5 Bh5 70. e6 Kd6 71. Kd4 a4 72. Kc3 Ke7 73. Kb4 Be8 74. Ka3 Kf6 75. Nxf3 Kxe6 76. Nd4+ Kd5 77. Nxb5 Bxb5 78. f4 Ke4 79. f5 Kxf5 80. Kb4 Ke5 81. Ka3 Kd4 82. Kb2 Kc4 83. Ka1 Kb3 84. Kb1 a3 85. Ka1 Bd3 1/2-1/2


[Site "https://www.chess.com"]

[Event "Titled Tuesday Blitz March 21 Late 2023"]
[White "Sivakumar, Shaaketh"]
[Black "Averjanov, Alexey"]
[WhiteFideId "30940176"]
[BlackFideId "14109867"]
[WhiteElo "2174"]
[BlackElo "2807"]
[Result "0-1"]
[Round "04"]
[TimeControl "180+2"]
[Date "2023.03.21"]
[WhiteClock "0:01:32"]
[BlackClock "0:01:16"]

1. e4 c6 2. d4 d5 3. e5 Bf5 4. h4 h5 5. Bd3 Bxd3 6. Qxd3 e6 7. Ne2 Qa5+ 8. c3 Qa6 9. Qxa6 Nxa6 10. Nd2 Nh6 11. Nf1 Nb8 12. Ne3 c5 13. f4 g6 14. dxc5 Bxc5 15. b4 Bb6 16. Nd4 Bxd4 17. cxd4 Nc6 18. Bb2 Nxb4 19. Kd2 Nf5 20. Nxf5 gxf5 21. Ba3 Nc6 22. Rab1 O-O-O 23. Bc5 Rhg8 24. Rhc1 Rxg2+ 25. Ke1 Rxa2 26. Rb3 Rg8 27. Kf1 Rgg2 28. Rcb1 b6 29. Bxb6 axb6 30. Rxb6 Raf2+ 31. Ke1 Re2+ 32. Kf1 Ref2+ 33. Ke1 Rc2 34. Rb7 Rg1# 0-1


[Site "https://www.chess.com"]

[Event "Titled Tuesday Blitz March 21 Late 2023"]
[White "Gines Esteo, Pedro Antonio"]
[Black "Seemann, Jakub"]
[WhiteFideId "32080190"]
[BlackFideId "21874697"]
[WhiteElo "2453"]
[BlackElo "2364"]
[Result "0-1"]
[Round "04"]
[TimeControl "180+2"]
[Date "2023.03.21"]
[WhiteClock "0:02:02"]
[BlackClock "0:01:16"]

1. Nf3 Nf6 2. g3 e6 3. Bg2 d5 4. O-O Be7 5. b3 O-O 6. Bb2 c5 7. e3 Nc6 8. c4 d4 9. exd4 cxd4 10. d3 e5 11. Re1 Nd7 12. a3 a5 13. Nbd2 Re8 14. Ne4 Nc5 15. Nxc5 Bxc5 16. Nd2 Bf8 17. h4 Bd7 18. h5 h6 19. Kh2 Rb8 20. Bh3 Bxh3 21. Kxh3 f5 22. g4 Qg5 23. gxf5 Qxf5+ 24. Qg4 Qxd3+ 25. Nf3 e4 26. Rad1 Qxf3+ 27. Qxf3 exf3 28. Kg4 Re2 29. Ba1 Rxf2 30. Kg3 Ra2 31. Kxf3 Rxa3 32. Bxd4 Rxb3+ 33. Kg4 Rb4 34. Ba1 Rxc4+ 35. Kh3 a4 36. Rd7 Rd8 37. Rxb7 Rd3+ 38. Kg2 Rg4+ 39. Kf1 Bc5 40. Re8+ Kh7 41. Rc7 Rf3+ 42. Ke2 Rf2+ 43. Kd3 Nb4+ 44. Kc3 Rf3+ 45. Kd2 Rg2+ 46. Ke1 Nd3+ 47. Kd1 Rf1+ 0-1


[Site "https://www.chess.com"]

[Event "Titled Tuesday Blitz March 21 Late 2023"]
[White "Vakhlamov, Igor L."]
[Black "Thomforde-Toates, Noah"]
[WhiteFideId "24126748"]
[BlackFideId "30951992"]
[WhiteElo "2400"]
[BlackElo "2603"]
[Result "1/2-1/2"]
[Round "04"]
[TimeControl "180+2"]
[Date "2023.03.21"]
[WhiteClock "0:00:08"]
[BlackClock "0:00:09"]

1. e4 c5 2. Nf3 g6 3. Nc3 Bg7 4. d4 cxd4 5. Nxd4 Nc6 6. Nxc6 bxc6 7. Bc4 d6 8. O-O Nf6 9. e5 Ng4 10. exd6 Qxd6 11. Qxd6 exd6 12. Re1+ Kf8 13. Bf4 Be5 14. Bxe5 Nxe5 15. Bb3 Nd7 16. Ne4 d5 17. Nd6 Nb6 18. c4 Be6 19. Rac1 Rd8 20. c5 Nd7 21. Nb7 Rc8 22. Na5 Ke7 23. f4 Rhe8 24. Kf2 Kf6 25. Ba4 Nb8 26. b4 Bd7 27. Nb3 Rxe1 28. Rxe1 Re8 29. Rxe8 Bxe8 30. Nd4 Ke7 31. Ke3 Kd8 32. g4 f6 33. h4 h6 34. g5 hxg5 35. fxg5 fxg5 36. hxg5 Ke7 37. Kf4 Bd7 38. Bc2 Be8 39. Bd3 Bf7 40. Ke5 Nd7+ 41. Kf4 Nb8 42. a3 Be8 43. Nf3 Nd7 44. Ne5 Nf8 45. a4 Ne6+ 46. Kg4 Nf8 47. Kg3 Ke6 48. Kf4 Ke7 49. Be2 Ne6+ 50. Kg4 Nf8 51. Kg3 Ke6 52. Kf4 Ke7 53. Bg4 Nh7 54. Bc8 Nf8 55. Kg4 Nd7 56. Bxd7 Bxd7+ 57. Nxd7 Kxd7 58. Kf4 Ke6 59. b5 Kd7 60. Ke5 Kc7 61. Kd4 Kd7 62. b6 a5 63. Ke5 Kc8 64. Kd6 Kb7 65. Ke5 Kc8 66. Kd4 Kb7 67. Kc3 Kc8 68. Kd3 Kb7 69. Ke3 Kc8 70. Kf3 Kb7 71. Kg3 Kc8 72. Kf2 Kb7 73. Ke3 Kc8 74. Kd4 Kb7 75. Ke5 Ka6 76. Kd6 Kb7 77. Ke5 1/2-1/2


[Site "https://www.chess.com"]

[Event "Titled Tuesday Blitz March 21 Late 2023"]
[White "Ozates, Tuna"]
[Black "Raja Rithvik R"]
[WhiteFideId "6354521"]
[BlackFideId "35007394"]
[WhiteElo "2151"]
[BlackElo "2402"]
[Result "0-1"]
[Round "04"]
[TimeControl "180+2"]
[Date "2023.03.21"]
[WhiteClock "0:01:03"]
[BlackClock "0:02:01"]

1. e4 c5 2. Nf3 d6 3. Bb5+ Nd7 4. O-O Nf6 5. Re1 a6 6. Bf1 b6 7. d4 cxd4 8. Nxd4 Bb7 9. f3 e6 10. c4 Be7 11. Nc3 O-O 12. Be3 Rc8 13. Rc1 Qc7 14. Kh1 Qb8 15. Bg1 Bd8 16. Qd2 Bc7 17. f4 Nc5 18. Qc2 Qa8 19. e5 dxe5 20. fxe5 Ng4 21. b4 Nd7 22. h3 Ngxe5 23. Be3 Nf6 24. Bg5 Nh5 25. Qf2 Ng6 26. c5 bxc5 27. bxc5 Bg3 28. Qe3 Bxe1 29. Rxe1 Rxc5 30. Nxe6 Rxc3 31. Qxc3 fxe6 32. Bc4 Bxg2+ 33. Kh2 Bd5 34. Bd3 Rf2+ 0-1


[Site "https://www.chess.com"]

[Event "Titled Tuesday Blitz March 21 Late 2023"]
[White "Filgueira, Hernan"]
[Black "Timmermans, Mark"]
[WhiteFideId "101770"]
[BlackFideId "1026399"]
[WhiteElo "2363"]
[BlackElo "2460"]
[Result "0-1"]
[Round "04"]
[TimeControl "180+2"]
[Date "2023.03.21"]
[WhiteClock "0:00:09"]
[BlackClock "0:01:09"]

1. c4 Nf6 2. Nc3 e6 3. Nf3 d5 4. e3 Be7 5. d4 O-O 6. b3 b6 7. Bb2 Bb7 8. Bd3 Nbd7 9. O-O Ne4 10. Ne2 f5 11. Ng3 Bf6 12. Rc1 c6 13. Qe2 Qe7 14. cxd5 cxd5 15. Rc7 Rfb8 16. Bb5 Bc8 17. Rfc1 Qd8 18. R7c2 Bb7 19. Ba6 Bxa6 20. Qxa6 Nf8 21. Ba3 b5 22. Bxf8 Rb6 23. Qa3 Qxf8 24. Qb2 Be7 25. Rf1 Ba3 26. Qb1 Bd6 27. Qc1 Ba3 28. Qb1 Rbb8 29. Ne5 Rc8 30. Nxe4 fxe4 31. b4 Qxb4 32. Rxc8+ Rxc8 33. Qd1 Qe7 34. Qb3 a6 35. g3 Bd6 36. a4 Bxe5 37. dxe5 b4 38. a5 Qc5 39. Rb1 Qxa5 40. Kg2 Rb8 41. Qd1 Qc7 42. Qg4 Qxe5 43. Rc1 b3 44. Rc6 b2 45. Rxe6 Qxe6 46. Qxe6+ Kh8 47. h4 b1=Q 48. h5 Qb6 49. Qxd5 a5 0-1


[Site "https://www.chess.com"]

[Event "Titled Tuesday Blitz March 21 Late 2023"]
[White "Melkumyan, Hrant"]
[Black "Turayev, Shahruh"]
[WhiteFideId "13302485"]
[BlackFideId "14003856"]
[WhiteElo "2604"]
[BlackElo "2171"]
[Result "1/2-1/2"]
[Round "04"]
[TimeControl "180+2"]
[Date "2023.03.21"]
[WhiteClock "0:00:14"]
[BlackClock "0:00:11"]

1. d4 d5 2. c4 dxc4 3. e3 e5 4. Bxc4 exd4 5. exd4 Bd6 6. Nf3 Nf6 7. Qe2+ Qe7 8. Qxe7+ Bxe7 9. O-O O-O 10. Re1 Bd6 11. Nc3 a6 12. Bg5 Nbd7 13. Ne5 b5 14. Bb3 Bb7 15. Rac1 Rae8 16. Bf4 Nb6 17. h3 Nfd5 18. Bg3 Nxc3 19. bxc3 Bd5 20. Nd3 Bxg3 21. fxg3 Nc4 22. Nc5 a5 23. Bxc4 Bxc4 24. a3 f6 25. Kf2 Kf7 26. g4 Rxe1 27. Rxe1 Re8 28. Rxe8 Kxe8 29. Nb7 a4 30. Nc5 Ke7 31. Ke3 Kd6 32. h4 Kd5 33. g5 fxg5 34. hxg5 Bf1 35. g3 Kc4 36. Kd2 Bh3 37. Na6 Kb3 38. Nxc7 Bd7 39. d5 Kxa3 40. Kc2 Bf5+ 41. Kc1 Bd7 42. Na6 Bc8 43. d6 Kb3 44. Nc7 a3 45. Kb1 Kxc3 46. Nxb5+ Kb4 47. Nc7 Kc5 48. Ne8 Bd7 49. Nxg7 Kxd6 50. Nh5 Ke7 51. Nf6 Bf5+ 52. Ka2 Kf7 53. Kxa3 Kg6 54. g4 Kxg5 55. Nxh7+ Bxh7 56. Kb4 Kxg4 1/2-1/2


[Site "https://www.chess.com"]

[Event "Titled Tuesday Blitz March 21 Late 2023"]
[White "Stoyanov, Tsvetan"]
[Black "Sokac, Marko"]
[WhiteFideId "2917173"]
[BlackFideId "14531356"]
[WhiteElo "2349"]
[BlackElo "2355"]
[Result "1-0"]
[Round "04"]
[TimeControl "180+2"]
[Date "2023.03.21"]
[WhiteClock "0:00:04"]
[BlackClock "0:00:01"]

1. b3 e5 2. Bb2 Nc6 3. e3 Nge7 4. c4 d5 5. cxd5 Nxd5 6. Bb5 f6 7. Ne2 Bd7 8. O-O a6 9. Bc4 Nb6 10. d4 Nxc4 11. bxc4 Be7 12. Nbc3 O-O 13. Nd5 Be6 14. Nxe7+ Nxe7 15. d5 Bf5 16. Ba3 Rf7 17. Qb3 b6 18. Rad1 Nc8 19. Ng3 Bg6 20. f4 exf4 21. exf4 Rd7 22. Rfe1 Bf7 23. Nf5 b5 24. Qg3 Bg6 25. Nd4 Nd6 26. Ne6 Qc8 27. c5 Nf5 28. Qb3 Bf7 29. c6 Rd6 30. Bxd6 Nxd6 31. Qg3 g6 32. Qh4 f5 33. Qf6 Bxe6 34. dxe6 Qf8 35. Qd4 Qe7 36. Qd5 Re8 37. Kh1 Ne4 38. Qd4 Qxe6 39. Kg1 Qxc6 40. Rc1 Qb7 41. Red1 Re7 42. h3 Ng3 43. Kh2 Ne2 44. Qd8+ Kf7 45. Rd7 Rxd7 46. Qxd7+ Kf6 47. Rxc7 1-0


[Site "https://www.chess.com"]

[Event "Titled Tuesday Blitz March 21 Late 2023"]
[White "Sielecki, Christof"]
[Black "Bolourchifard, Farzad"]
[WhiteFideId "4620437"]
[BlackFideId "12510084"]
[WhiteElo "2443"]
[BlackElo "2317"]
[Result "1/2-1/2"]
[Round "04"]
[TimeControl "180+2"]
[Date "2023.03.21"]
[WhiteClock "0:00:11"]
[BlackClock "0:00:15"]

1. e4 e5 2. Nf3 Nc6 3. Bb5 a6 4. Ba4 Nf6 5. d3 b5 6. Bb3 Bc5 7. Nc3 d6 8. Nd5 Be6 9. Bg5 Na5 10. Nxf6+ gxf6 11. Bxe6 fxe6 12. Be3 Bxe3 13. fxe3 f5 14. exf5 exf5 15. d4 Nc4 16. Qe2 O-O 17. b3 Nb6 18. dxe5 dxe5 19. O-O Qf6 20. e4 f4 21. Rfd1 Rad8 22. a4 c6 23. Qf2 Nd7 24. Qa7 Kh8 25. Rxd7 Rxd7 26. Qxd7 Rg8 27. Rd1 Qg6 28. Qh3 Qxe4 29. Re1 Qxc2 30. Nxe5 Rg7 31. axb5 cxb5 32. Qf3 Qc5+ 33. Kh1 Qd4 34. h3 h6 35. Qe4 Qd2 36. Rf1 a5 37. Rxf4 Qc1+ 38. Kh2 Qc8 39. Rg4 Rxg4 40. Qxg4 Qxg4 41. hxg4 a4 42. bxa4 bxa4 43. Nc4 Kg7 44. Kg3 Kf6 45. Kf4 Kg6 46. Na3 Kf6 47. g3 Kg6 48. Nb5 Kf6 49. Kf3 Kg5 50. Na3 Kf6 51. Nc4 Kg5 52. Na3 Kf6 53. Kf4 Kg6 54. g5 hxg5+ 55. Kg4 Kf6 56. Nc2 Kg6 57. Kf3 Kf5 58. g4+ Ke5 59. Ke3 Kd5 60. Kd3 Ke5 61. Ke3 Kd5 62. Nb4+ Ke5 63. Nc2 1/2-1/2


[Site "https://www.chess.com"]

[Event "Titled Tuesday Blitz March 21 Late 2023"]
[White "Kuznetsov, Felix"]
[Black "Blomqvist, Erik"]
[WhiteFideId "34147990"]
[BlackFideId "1709437"]
[WhiteElo "2235"]
[BlackElo "2436"]
[Result "1-0"]
[Round "04"]
[TimeControl "180+2"]
[Date "2023.03.21"]
[WhiteClock "0:00:05"]
[BlackClock "0:00:03"]

1. e4 c5 2. Nf3 e6 3. b3 a6 4. Bb2 Nc6 5. Nc3 b5 6. d4 cxd4 7. Nxd4 Bb7 8. Qd2 Nxd4 9. Qxd4 Rc8 10. O-O-O Qc7 11. Kb1 Nf6 12. f3 b4 13. Na4 Qxc2+ 14. Ka1 Qc7 15. g4 d5 16. g5 Nd7 17. exd5 Bxd5 18. Bxa6 Rb8 19. Rhe1 Bxf3 20. Rc1 Qa5 21. Bc8 Qd5 22. Qa7 Ra8 23. Qe3 Nc5 24. Nxc5 Rxc8 25. Nd3 Rd8 26. Nf4 Qb7 27. Nxe6 fxe6 28. Qxe6+ Be7 29. Bxg7 Rg8 30. Bf6 Rd7 31. Qxg8# 1-0


[Site "https://www.chess.com"]

[Event "Titled Tuesday Blitz March 21 Late 2023"]
[White "Adewumi, Tanitoluwa"]
[Black "Marjanovic, Annamaria"]
[WhiteFideId "30966396"]
[BlackFideId "750930"]
[WhiteElo "2756"]
[BlackElo "2212"]
[Result "1-0"]
[Round "04"]
[TimeControl "180+2"]
[Date "2023.03.21"]
[WhiteClock "0:00:11"]
[BlackClock "0:00:26"]

1. e4 e6 2. d4 d5 3. exd5 exd5 4. Nf3 Nf6 5. Bd3 c5 6. O-O Be7 7. dxc5 O-O 8. Be3 Bg4 9. h3 Bh5 10. Nbd2 Nbd7 11. b4 Ne5 12. Be2 Nxf3+ 13. Nxf3 Ne4 14. Nd4 Nc3 15. Qd3 Nxe2+ 16. Nxe2 Bg6 17. Qd2 a5 18. a3 Qd7 19. Nf4 Rfd8 20. Rad1 axb4 21. axb4 Ra2 22. Nxd5 Kf8 23. Nxe7 Kxe7 24. Bg5+ f6 25. Rfe1+ Kf8 26. Qxd7 Rxd7 27. Rxd7 fxg5 28. Rxb7 Rxc2 29. Rd1 Re2 30. Rd8+ Be8 31. c6 Re1+ 32. Kh2 Re7 33. Rxe7 Kxe7 34. Rxe8+ Kxe8 35. b5 Kd8 36. b6 Kc8 37. b7+ Kc7 38. h4 gxh4 39. Kh3 1-0


[Site "https://www.chess.com"]

[Event "Titled Tuesday Blitz March 21 Late 2023"]
[White "Yuan, Qingyu"]
[Black "Papp, Levente"]
[WhiteFideId "8609772"]
[BlackFideId "751243"]
[WhiteElo "2359"]
[BlackElo "2380"]
[Result "1-0"]
[Round "04"]
[TimeControl "180+2"]
[Date "2023.03.21"]
[WhiteClock "0:00:31"]
[BlackClock "0:00:02"]

1. e4 e6 2. d4 d5 3. Nd2 Nc6 4. Ngf3 Nf6 5. exd5 exd5 6. c3 Bd6 7. Bd3 O-O 8. O-O Bg4 9. Re1 Re8 10. Rxe8+ Qxe8 11. Nf1 Bxf3 12. Qxf3 Qe1 13. Rb1 Qe6 14. Ng3 Bxg3 15. hxg3 Ne7 16. Bd2 Ne4 17. Bf4 c6 18. Re1 f5 19. Qe2 Ng6 20. f3 Nxf4 21. gxf4 Qh6 22. fxe4 fxe4 23. Bc2 Qxf4 24. Rf1 Qg5 25. Qf2 h6 26. Qf4 Qg6 27. Bd1 Re8 28. Qh4 e3 29. Bh5 Re4 30. Qd8+ 1-0


[Site "https://www.chess.com"]

[Event "Titled Tuesday Blitz March 21 Late 2023"]
[White "Ismagilov, Damir"]
[Black "Nazari, Arad"]
[WhiteFideId "34199982"]
[BlackFideId "12577324"]
[WhiteElo "2078"]
[BlackElo "2313"]
[Result "1-0"]
[Round "04"]
[TimeControl "180+2"]
[Date "2023.03.21"]
[WhiteClock "0:00:14"]
[BlackClock "0:00:02"]

1. d4 Nf6 2. Nf3 g6 3. Nbd2 d5 4. b4 Bg7 5. e3 O-O 6. c4 c6 7. a4 Bf5 8. Bb2 Ne4 9. Be2 a5 10. b5 Nd7 11. cxd5 cxd5 12. O-O Nb6 13. Nxe4 Bxe4 14. Nd2 Bf5 15. Rc1 h5 16. Ba3 Qd7 17. Bc5 Nc8 18. Qb3 b6 19. Ba3 Rd8 20. Rc6 Rb8 21. Rfc1 Nd6 22. Bxd6 exd6 23. Bf3 Qe7 24. Bxd5 Rd7 25. Nc4 Qd8 26. Nd2 h4 27. e4 Bg4 28. h3 Bh5 29. Qd3 Bh6 30. R1c2 Qg5 31. Nf1 Qf6 32. Rc8+ Rxc8 33. Rxc8+ Kh7 34. Rc6 Qd8 35. Ne3 Rc7 36. Nc4 Rxc6 37. bxc6 Bg7 38. Na3 Qf6 39. Nb5 Qd8 40. c7 Qc8 41. Qc3 f5 42. Nxd6 Qd7 43. c8=Q Qxd6 44. Qg8+ Kh6 45. Qe6 Qf4 46. Qe3 Qxe3 47. fxe3 1-0


[Site "https://www.chess.com"]

[Event "Titled Tuesday Blitz March 21 Late 2023"]
[White "Mahdavi, Reza"]
[Black "Al Hosani, Omran"]
[WhiteFideId "12595926"]
[BlackFideId "9308733"]
[WhiteElo "2208"]
[BlackElo "2177"]
[Result "1-0"]
[Round "04"]
[TimeControl "180+2"]
[Date "2023.03.21"]
[WhiteClock "0:00:07"]
[BlackClock "0:00:02"]

1. Nf3 Nf6 2. g3 e6 3. Bg2 d5 4. O-O Be7 5. d4 O-O 6. c4 dxc4 7. Qc2 Nc6 8. Qxc4 Rb8 9. Nc3 Bd7 10. Bf4 Nh5 11. e4 Nxf4 12. gxf4 b5 13. Qd3 Nb4 14. Qe2 c5 15. d5 exd5 16. exd5 Bd6 17. Ne5 Re8 18. a3 f6 19. axb4 fxe5 20. bxc5 exf4 21. Qd3 Bxc5 22. d6 Kh8 23. Qd5 Bb6 24. Qh5 Rf8 25. Be4 h6 26. Qg6 Qg5+ 27. Qxg5 hxg5 28. Nd5 Bc5 29. Ne7 Rf6 30. Rfd1 Rxd6 31. Rxd6 Bxd6 32. Ng6+ Kg8 33. Rxa7 Rd8 34. h4 gxh4 35. Nxh4 Be6 36. Bf5 Bf7 37. Rb7 b4 38. Be4 b3 39. Nf5 Be5 40. Ne7+ Kf8 41. Nc6 Rd1+ 42. Kg2 Bd6 43. Rd7 Be8 44. Rd8 Kf7 45. Ne5+ Ke7 46. Ra8 Bxe5 47. Ra7+ Kf8 48. Rb7 Bf6 49. Rxb3 Rd2 50. Rb8 Rxb2 51. Ra8 Rb6 52. Bg6 Re6 53. Kh3 Be5 54. Bh5 Rh6 55. Rxe8# 1-0


[Site "https://www.chess.com"]

[Event "Titled Tuesday Blitz March 21 Late 2023"]
[White "Santos Ruiz, Miguel"]
[Black "Riff, Vincent"]
[WhiteFideId "22291482"]
[BlackFideId "617776"]
[WhiteElo "2504"]
[BlackElo "2369"]
[Result "1-0"]
[Round "04"]
[TimeControl "180+2"]
[Date "2023.03.21"]
[WhiteClock "0:00:14"]
[BlackClock "0:00:11"]

1. e4 c5 2. Nf3 Nc6 3. d4 cxd4 4. Nxd4 e5 5. Nb5 d6 6. c4 Be7 7. N5c3 f5 8. exf5 Bxf5 9. Bd3 Be6 10. Nd5 Nf6 11. Nbc3 O-O 12. O-O Qd7 13. Be3 Rae8 14. Re1 Kh8 15. a3 Bg8 16. Qc2 Bd8 17. Nxf6 Rxf6 18. Rad1 Nd4 19. Bxd4 exd4 20. Nd5 Rh6 21. Qd2 Re5 22. f4 Reh5 23. h3 b5 24. b3 bxc4 25. bxc4 Qa4 26. Qe2 Rxd5 27. cxd5 Bh4 28. Qe8 Qxa3 29. Rb1 Qa2 30. Re2 Qxd5 31. Rb8 Rf6 32. Qxg8+ Qxg8 33. Ree8 1-0


[Site "https://www.chess.com"]

[Event "Titled Tuesday Blitz March 21 Late 2023"]
[White "Yanchenko, Roman"]
[Black "MKlose11"]
[WhiteFideId "4137329"]
[WhiteElo "2491"]
[BlackElo "2576"]
[Result "0-1"]
[Round "04"]
[TimeControl "180+2"]
[Date "2023.03.21"]
[WhiteClock "0:00:03"]
[BlackClock "0:00:20"]

1. d4 Nf6 2. c4 c5 3. Nf3 cxd4 4. Nxd4 Nc6 5. Nc3 d6 6. g3 Bd7 7. Bg2 g6 8. O-O Bg7 9. e3 O-O 10. b3 Qa5 11. Bb2 Rfe8 12. Rc1 Rac8 13. Qd2 Qh5 14. Qd1 Qxd1 15. Rfxd1 a6 16. Nde2 Kf8 17. Na4 Rb8 18. Nb6 Bg4 19. f3 Be6 20. Nf4 Red8 21. e4 Nd7 22. Bxg7+ Kxg7 23. Nxe6+ fxe6 24. Nxd7 Rxd7 25. f4 e5 26. Kf2 Nd4 27. Ke3 Rc7 28. Bh3 b6 29. b4 a5 30. b5 Rc5 31. Kd3 Rb7 32. Rf1 Rbc7 33. Rf2 Nxb5 34. fxe5 dxe5 35. Be6 Nd4 36. Rf7+ Kh6 37. Bg4 b5 38. h4 bxc4+ 39. Kc3 Nb5+ 40. Kc2 c3 41. h5 Nd4+ 42. Kd3 c2 43. hxg6 hxg6 44. Kd2 e6 45. Rf2 Rd7 46. Ke3 Rc3+ 47. Kd2 Rxg3 0-1


[Site "https://www.chess.com"]

[Event "Titled Tuesday Blitz March 21 Late 2023"]
[White "Koellner, Ruben Gideon"]
[Black "Manukyan, Sargis A."]
[WhiteFideId "12993093"]
[BlackFideId "13303970"]
[WhiteElo "2303"]
[BlackElo "2187"]
[Result "0-1"]
[Round "04"]
[TimeControl "180+2"]
[Date "2023.03.21"]
[WhiteClock "0:00:03"]
[BlackClock "0:00:42"]

1. d4 d5 2. Nf3 Nf6 3. e3 e6 4. Nbd2 Be7 5. Bd3 O-O 6. O-O b6 7. Ne5 Ba6 8. f4 Bxd3 9. cxd3 Nfd7 10. Qh5 f6 11. Nxd7 Qxd7 12. Nf3 Qe8 13. Qh3 f5 14. Ne5 Bd6 15. Bd2 Bxe5 16. fxe5 Nd7 17. Rac1 Rc8 18. b4 c5 19. bxc5 bxc5 20. dxc5 Nxe5 21. d4 Nc4 22. Be1 Qa4 23. Qf3 Qxa2 24. Bg3 Qa3 25. Rfe1 a5 26. Bf4 Nd2 27. Qe2 Ne4 28. Ra1 Qb4 29. Reb1 Nc3 30. Rxb4 Nxe2+ 31. Kf2 Nxf4 32. Rb3 Ng6 33. Rxa5 f4 34. Rb6 fxe3+ 35. Kxe3 e5 36. Rd6 exd4+ 37. Kxd4 Rf4+ 38. Kxd5 Rf5+ 39. Kd4 Ne7 40. Rb5 Nc6+ 41. Ke4 Re5+ 42. Kf4 Rf8+ 43. Kg3 Re3+ 44. Kg4 Ne5+ 45. Kh4 h6 46. c6 g6 47. Rb4 Kg7 48. Rb7+ Nf7 49. Rd4 g5+ 50. Kg4 Kg6 51. g3 h5+ 52. Kh3 Re2 0-1


[Site "https://www.chess.com"]

[Event "Titled Tuesday Blitz March 21 Late 2023"]
[White "Defend1r"]
[Black "Bashirli, Nail"]
[BlackFideId "13406809"]
[WhiteElo "2573"]
[BlackElo "2338"]
[Result "0-1"]
[Round "04"]
[TimeControl "180+2"]
[Date "2023.03.21"]
[WhiteClock "0:00:29"]
[BlackClock "0:01:40"]

1. e4 Nf6 2. e5 Nd5 3. d4 d6 4. c4 Nb6 5. exd6 cxd6 6. Nc3 g6 7. h3 Bg7 8. Nf3 O-O 9. b3 Bf5 10. Be3 Nc6 11. Bd3 d5 12. Bxf5 gxf5 13. c5 Nd7 14. O-O Nxc5 15. dxc5 Bxc3 16. Bh6 Bg7 17. Qc1 e6 18. Bxg7 Kxg7 19. Re1 Qf6 20. Qf4 Rfd8 21. Rad1 Rd7 22. h4 Rad8 23. h5 d4 24. Rd3 Rd5 25. h6+ Qxh6 26. Ng5 e5 27. Qg3 Qg6 28. Qh4 f4 29. Rh3 h6 30. Nf3 d3 31. Rxe5 Nxe5 32. Nxe5 Qg5 33. Qxg5+ hxg5 34. Nxd3 Rxd3 0-1


[Site "https://www.chess.com"]

[Event "Titled Tuesday Blitz March 21 Late 2023"]
[White "Beerdsen, Thomas"]
[Black "Mendez Fortes, Eduardo Jesus"]
[WhiteFideId "1030108"]
[BlackFideId "3502376"]
[WhiteElo "2547"]
[BlackElo "2307"]
[Result "1-0"]
[Round "04"]
[TimeControl "180+2"]
[Date "2023.03.21"]
[WhiteClock "0:01:21"]
[BlackClock "0:00:56"]

1. e4 e5 2. Nf3 Nc6 3. Bc4 Nf6 4. d4 exd4 5. O-O Nxe4 6. Nc3 Nxc3 7. bxc3 d5 8. Bb5 Be7 9. Ne5 Bd7 10. Bxc6 Bxc6 11. cxd4 O-O 12. Re1 Bd6 13. a4 Be8 14. Ba3 f6 15. Nd3 Bg6 16. Nc5 Qc8 17. Qf3 Bf7 18. Re2 b6 19. Nd3 Bxa3 20. Rxa3 Qd7 21. a5 Rae8 22. axb6 axb6 23. Rxe8 Rxe8 24. h3 Bg6 25. Nf4 Be4 26. Qh5 g6 27. Qh6 Bxc2 28. Rg3 Qg7 29. Qh4 Bd1 30. Nxd5 Rf8 31. Qf4 Rf7 32. Re3 h5 33. Re8+ Kh7 34. Re6 Bb3 35. Nxf6+ Kh8 36. Re8+ Rf8 37. Re7 Rf7 38. Re8+ Rf8 39. Rxf8+ Qxf8 40. Qe5 Qd6 41. Qg5 Kg7 42. Ne8+ 1-0


[Site "https://www.chess.com"]

[Event "Titled Tuesday Blitz March 21 Late 2023"]
[White "Medina Paz, Miguel"]
[Black "Aldokhin, Ivan"]
[WhiteFideId "7300379"]
[BlackFideId "24115720"]
[WhiteElo "2428"]
[BlackElo "2322"]
[Result "0-1"]
[Round "04"]
[TimeControl "180+2"]
[Date "2023.03.21"]
[WhiteClock "0:01:47"]
[BlackClock "0:00:58"]

1. d4 Nf6 2. c4 g6 3. Nc3 Bg7 4. e4 d6 5. Be2 O-O 6. Nf3 Nc6 7. O-O Re8 8. Be3 e5 9. d5 Nd4 10. Bg5 h6 11. Bh4 g5 12. Bg3 Nxe2+ 13. Qxe2 Nh5 14. Nd2 Nf4 15. Qd1 Qf6 16. Qb1 h5 17. h3 h4 18. Bxf4 exf4 19. f3 Qd4+ 20. Rf2 Qc5 21. Kf1 Bd7 22. Qd3 a6 23. Nb3 Qb4 24. Nd4 b5 25. cxb5 Qxd4 0-1


[Site "https://www.chess.com"]

[Event "Titled Tuesday Blitz March 21 Late 2023"]
[White "Ezat, Mohamed"]
[Black "Gadimbayli, Abdulla"]
[WhiteFideId "10600906"]
[BlackFideId "13404938"]
[WhiteElo "2386"]
[BlackElo "2390"]
[Result "0-1"]
[Round "04"]
[TimeControl "180+2"]
[Date "2023.03.21"]
[WhiteClock "0:00:02"]
[BlackClock "0:00:35"]

1. d4 d5 2. Nf3 Nc6 3. Nc3 Bf5 4. a3 e6 5. Bf4 Bd6 6. Bg3 Nf6 7. e3 O-O 8. Bd3 Ne7 9. Ne5 c5 10. Bh4 Bxd3 11. cxd3 cxd4 12. exd4 Nf5 13. Bxf6 Qxf6 14. Nd7 Qg5 15. g3 Rfd8 16. Nc5 Nxd4 17. Nxb7 Qe5+ 18. Kf1 Rdb8 19. Nxd6 Qxd6 20. b4 a5 21. Kg2 axb4 22. axb4 Qxb4 23. Rxa8 Rxa8 24. Ne2 h6 25. h4 Ra2 26. Nxd4 Qxd4 27. Qf3 Ra1 28. Rxa1 Qxa1 29. Qf4 Qb2 30. d4 Qb1 31. f3 Qc2+ 32. Kh3 Qf5+ 33. Qxf5 exf5 34. g4 fxg4+ 35. Kxg4 g6 36. f4 Kg7 37. h5 Kf6 38. f5 gxh5+ 39. Kf4 h4 40. Kg4 h3 41. Kxh3 Kxf5 0-1


[Site "https://www.chess.com"]

[Event "Titled Tuesday Blitz March 21 Late 2023"]
[White "Fernandez Guillen, Ernesto J."]
[Black "TimGrutter03"]
[WhiteFideId "3512428"]
[WhiteElo "2423"]
[BlackElo "2552"]
[Result "1-0"]
[Round "04"]
[TimeControl "180+2"]
[Date "2023.03.21"]
[WhiteClock "0:00:09"]
[BlackClock "0:00:04"]

1. e4 g6 2. d4 Bg7 3. Nc3 d6 4. f3 a6 5. Be3 b5 6. Qd2 Bb7 7. O-O-O Nd7 8. Kb1 Rc8 9. h4 h6 10. h5 g5 11. Nh3 c5 12. Nf2 Ngf6 13. e5 Nd5 14. Nxd5 Bxd5 15. exd6 c4 16. c3 exd6 17. Re1 O-O 18. Ne4 Bxe4+ 19. fxe4 a5 20. g3 Nb6 21. Bh3 Rb8 22. Ka1 Qe8 23. Bf5 b4 24. Bxg5 hxg5 25. Qxg5 Qd8 26. Qg4 Kh8 27. e5 bxc3 28. bxc3 dxe5 29. h6 Bf6 30. Be4 Rg8 31. Qf5 Rg6 32. Qf3 exd4 33. Bxg6 dxc3 34. Rhf1 Bd4 35. Bc2 Qg5 36. Qe4 f5 37. Qxd4+ Kh7 38. Qg7+ Qxg7 39. hxg7 Kxg7 40. Rxf5 Nd7 41. Rxa5 Nf6 42. Rc5 Rd8 43. Rxc4 Nd5 44. Rd1 Ne3 45. Rxd8 Nxc2+ 46. Kb1 Na3+ 47. Kc1 Nxc4 48. Rc8 Ne3 49. Rxc3 Nd5 50. Rb3 Kf6 51. a4 Nc7 52. a5 Ne6 53. a6 Nd4 54. Rb6+ Ke5 55. a7 Ne2+ 56. Kd2 Nxg3 57. a8=Q Ne4+ 58. Ke3 Nf6 59. Rxf6 1-0


[Site "https://www.chess.com"]